 Dungeon Crawl Stone Soup version 0.27.1-34-g3ba077fa99 (webtiles) character file.

Game seed: 17884213103182407231

5 cbfl8 the Magician (level 1, -2/15 HPs)
             Began as a Minotaur Wanderer on Jan 17, 2022.
             Slain by a kobold (4 damage)
             ... on level 1 of the Dungeon.
             The game lasted 00:00:16 (51 turns).

cbfl8 the Magician (Minotaur Wanderer)                Turns: 51, Time: 00:00:16

Health: -2/15      AC:  2    Str: 16    XL:     1   Next: 66%
Magic:  2/2        EV: 11    Int:  9    God:
Gold:   0          SH:  0    Dex:  9    Spells: 4/4 levels left

rFire    . . .     SeeInvis .   a - +0 club
rCold    . . .     Faith    .   (no shield)
rNeg     . . .     Spirit   .   b - +0 robe
rPois    .         Reflect  .   (helmet restricted)
rElec    .         Harm     .   (no cloak)
rCorr    .         Rampage  .   (no gloves)
Will     .....                  (no boots)
Stlth    +.........             (no amulet)
HPRegen  0.05/turn              (no ring)
MPRegen  0.08/turn              (no ring)

@: no status effects
A: horns 2, retaliatory headbutt
a: no special abilities


You were on level 1 of the Dungeon.
You visited 1 branch of the dungeon, and saw 1 of its levels.

Inventory:

Hand Weapons
 a - a +0 club (weapon)
Armour
 b - a +0 robe (worn)
Potions
 c - a potion of curing


   Skills:
 + Level 0.5 Fighting
 + Level 1.2 Shields
 + Level 2.3 Spellcasting
 + Level 1.0 Fire Magic
 + Level 1.3 Air Magic
 + Level 1.5 Earth Magic
 + Level 1.0 Evocations


You had 4 spell levels left.
You didn't know any spells.
Your spell library contained the following spells:

 Spells                   Type           Power      Damage    Failure   Level
 Sandblast                Erth           6%         2d5       17%         1
 Shock                    Conj/Air       8%         1d3       24%         1
 Static Discharge         Conj/Air       2%         N/A       36%         2
 Swiftness                Air            3%         N/A       50%         3
 Stone Arrow              Conj/Erth      4%         3d7       56%         3
 Airstrike                Air            1%         N/A       88%         4


Dungeon Overview and Level Annotations

Branches:
Dungeon (1/15)

Altars:


Innate Abilities, Weirdness & Mutations

You have a pair of horns on your head.
You reflexively headbutt those who attack you in melee.


Message History

The hobgoblin shouts!
The ball python hisses angrily.
A kobold comes into view. It is wielding a +0 short sword.
An endoplasm comes into view.
The kobold shouts!
The endoplasm quivers.
Found a smoky purple potion.
A kobold comes into view. It is wielding a +0 short sword.
Found 9 sling bullets.
The kobold shouts!
The ball python closely misses you. The ball python grabs you.
The ball python constricts you. The hobgoblin barely misses you.
The ball python bites you. The ball python constricts you.
The endoplasm hits you.
You barely miss the hobgoblin. The ball python barely misses you.
You furiously retaliate!
You headbutt the ball python.
You kill the ball python!
The hobgoblin barely misses you. You furiously retaliate!
You headbutt the hobgoblin!
You kill the hobgoblin!
The endoplasm barely misses you. The kobold barely misses you.
You hit the endoplasm.
The endoplasm is moderately wounded.
The endoplasm closely misses you.
Unknown command.
You hit the endoplasm.
You kill the endoplasm!
Unknown command.
The kobold hits you but does no damage.
You barely miss the kobold.
The kobold hits you with a +0 short sword.
The kobold barely misses you.
The kobold hits you with a +0 short sword. x2
* * * LOW HITPOINT WARNING * * *
You barely miss the kobold. The kobold barely misses you. x2
Unknown command.
You hit the kobold.
You kill the kobold!
The kobold hits you with a +0 short sword.
You die...

.. ....
.#+######....
#...........
+.........(
#........#
.##........####
.......††......
#).!.#
.######@##.#
......K.# .#
.#####..##.#
#.........####
#.##............#
#............#
##...........#
##..........#
#..........#


You could see a kobold.

Vanquished Creatures
  A ball python (D:1)
  An endoplasm (D:1)
  A goblin (D:1)
  A hobgoblin (D:1)
  A kobold (D:1)
5 creatures vanquished.

Notes
Turn   | Place    | Note
-------+----------+-------------------------------------------
     0 | D:1      | cbfl8 the Minotaur Wanderer began the quest for the Orb.
     0 | D:1      | cbfl8 set off with the following items: a +0 club, a +0
                  | robe, a potion of curing; and the following spells
                  | available to memorise: Sandblast, Shock, Static Discharge,
                  | Swiftness, Stone Arrow, Airstrike
     0 | D:1      | Reached XP level 1. HP: 14/14 MP: 2/2
    51 | D:1      | Slain by a kobold

Illustrated notes

Levels and vault maps discovered:
D:1:      nzn_arrival_water_spiral, layout_basic, hangedman_abyss_or_decor_stabs

Action                   || total
-------------------------++-------
Melee: Club              ||     7
Armor: Robe              ||     1
Dodge: Dodged            ||    11
